[ PARTIDA AOE2 · #467545638 ]
Team RMJemeres vs Shu
[ ANÁLISIS DE REPETICIÓN · EXTRAÍDO DE LA PARTIDA GRABADA ]
Feudal
11:24
Castillos
14:33
Imperial
28:34
| APM promedio | 73.4 |
| APM pico | 150 |
| eAPM promedio | 50.2 |
| Aldeanos / militares | 218 / 1165 |
Foco
⚔️ 34.7% · 🌾 65.3%
Skirmisher ×409 · Scout Cavalry ×310 · Battle Elephant ×222 · Spearman ×130 · Ballista Elephant ×57 · Battering Ram ×26
Feudal
11:03
Castillos
14:35
Imperial
—
| APM promedio | 9.8 |
| APM pico | 76 |
| eAPM promedio | 4.9 |
| Aldeanos / militares | 103 / 5 |
Foco
⚔️ 8.8% · 🌾 91.2%
Mangonel ×4 · Monk ×1
Feudal
10:26
Castillos
22:28
Imperial
33:53
| APM promedio | 47.6 |
| APM pico | 95 |
| eAPM promedio | 23.1 |
| Aldeanos / militares | 239 / 847 |
Foco
⚔️ 33.7% · 🌾 66.3%
Scout Cavalry ×560 · Knight ×194 · Magyar Huszar ×74 · Trade Cart ×44 · Trebuchet (Packed) ×11 · Spearman ×5
Feudal
10:48
Castillos
14:07
Imperial
27:23
| APM promedio | 65.3 |
| APM pico | 129 |
| eAPM promedio | 45.0 |
| Aldeanos / militares | 175 / 1659 |
Foco
⚔️ 60.1% · 🌾 39.9%
Scout Cavalry ×721 · Knight ×416 · Spearman ×201 · Archer ×195 · War Elephant ×65 · Trade Cart ×44
Feudal
11:22
Castillos
15:45
Imperial
60:13
| APM promedio | 18.9 |
| APM pico | 68 |
| eAPM promedio | 13.0 |
| Aldeanos / militares | 241 / 616 |
Foco
⚔️ 34.5% · 🌾 65.5%
Spearman ×552 · Archer ×34 · Skirmisher ×19 · Mangonel ×11 · Trade Cart ×9
Feudal
9:26
Castillos
13:04
Imperial
31:51
| APM promedio | 35.5 |
| APM pico | 76 |
| eAPM promedio | 19.0 |
| Aldeanos / militares | 121 / 914 |
Foco
⚔️ 45.1% · 🌾 54.9%
Spearman ×588 · Militia ×145 · Scorpion ×95 · Battering Ram ×62 · Trade Cart ×25 · Scout Cavalry ×20
Feudal
10:58
Castillos
14:35
Imperial
29:41
| APM promedio | 46.5 |
| APM pico | 98 |
| eAPM promedio | 26.6 |
| Aldeanos / militares | 218 / 919 |
Foco
⚔️ 50.2% · 🌾 49.8%
Plumed Archer ×844 · Trade Cart ×65 · Battering Ram ×48 · Mangonel ×16 · Trebuchet (Packed) ×11
Feudal
9:55
Castillos
15:34
Imperial
30:56
| APM promedio | 22.4 |
| APM pico | 48 |
| eAPM promedio | 17.1 |
| Aldeanos / militares | 257 / 686 |
Foco
⚔️ 48.2% · 🌾 51.8%
Spearman ×348 · Skirmisher ×222 · Woad Raider ×61 · Scorpion ×26 · Militia ×11 · Mangonel ×7
Mapa de la partida
Recursos iniciales + cada clic de construcción. Líneas = muros · curvas = relieve. ◆ oro · ⬟ piedra · ● bayas · ✦ reliquia · ◌ hueco del cierre
Inputs por minuto
— Kenchito - - legend
Build order — Kenchito
Primeras 150 de 1788 acciones detectadas
| 0:02 | Construir | House |
| 0:02 | Crear | Villager (Male) |
| 0:02 | Crear | Villager (Male) |
| 0:03 | Crear | Villager (Male) |
| 0:04 | Construir | House |
| 0:10 | Crear | Villager (Male) |
| 1:25 | Crear | Villager (Male) |
| 1:51 | Construir | Lumber Camp |
| 1:52 | Crear | Villager (Male) |
| 1:52 | Crear | Villager (Male) |
| 2:18 | Crear | Villager (Male) |
| 2:49 | Crear | Villager (Male) |
| 3:03 | Crear | Villager (Male) |
| 3:06 | Construir | House |
| 3:06 | Construir | House |
| 3:08 | Construir | House |
| 3:36 | Construir | House |
| 3:48 | Crear | Villager (Male) |
| 3:49 | Crear | Villager (Male) |
| 3:58 | Construir | House |
| 4:09 | Crear | Villager (Male) |
| 4:09 | Crear | Villager (Male) |
| 4:28 | Crear | Villager (Male) |
| 4:28 | Crear | Villager (Male) |
| 4:58 | Crear | Villager (Male) |
| 4:58 | Crear | Villager (Male) |
| 5:01 | Construir | Mill |
| 5:33 | Crear | Villager (Male) |
| 5:44 | Construir | Lumber Camp |
| 6:01 | Construir | Lumber Camp |
| 6:05 | Crear | Villager (Male) |
| 6:20 | Crear | Villager (Male) |
| 6:30 | Crear | Villager (Male) |
| 7:01 | Crear | Villager (Male) |
| 7:40 | Crear | Villager (Male) |
| 7:40 | Crear | Villager (Male) |
| 8:03 | Crear | Villager (Male) |
| 8:03 | Crear | Villager (Male) |
| 8:04 | Crear | Villager (Male) |
| 8:05 | Crear | Villager (Male) |
| 8:05 | Crear | Villager (Male) |
| 8:54 | Construir | Mining Camp |
| 8:57 | Construir | Mining Camp |
| 9:08 | Investigar | Feudal Age |
| 9:29 | Construir | Farm |
| 9:33 | Construir | Farm |
| 9:36 | Construir | Farm |
| 9:39 | Construir | Farm |
| 9:56 | Crear | Villager (Male) |
| 9:56 | Crear | Villager (Male) |
| 10:04 | Construir | Farm |
| 10:13 | Construir | House |
| 11:11 | Construir | Farm |
| 11:14 | Construir | Farm |
| 11:24 | Edad | Edad Feudal |
| 11:29 | Construir | Market |
| 11:53 | Investigar | Castle Age |
| 11:53 | Investigar | Castle Age |
| 11:59 | Investigar | Horse Collar |
| 12:14 | Investigar | Double-Bit Axe |
| 12:27 | Construir | House |
| 12:27 | Construir | House |
| 13:02 | Construir | House |
| 13:06 | Crear | Villager (Male) |
| 13:06 | Crear | Villager (Male) |
| 13:06 | Crear | Villager (Male) |
| 14:00 | Construir | House |
| 14:33 | Edad | Edad de los Castillos |
| 14:36 | Construir | Monastery |
| 14:48 | Construir | Town Center |
| 15:15 | Investigar | Bow Saw |
| 15:20 | Crear | Villager (Male) |
| 15:21 | Crear | Villager (Male) |
| 15:27 | Crear | Monk |
| 15:51 | Crear | Villager (Male) |
| 15:51 | Crear | Villager (Male) |
| 15:57 | Construir | House |
| 15:58 | Construir | House |
| 15:59 | Construir | House |
| 15:59 | Construir | House |
| 16:00 | Construir | House |
| 16:13 | Crear | Villager (Male) |
| 16:13 | Crear | Villager (Male) |
| 16:16 | Investigar | Loom |
| 16:16 | Investigar | Wheelbarrow |
| 16:18 | Crear | Villager (Male) |
| 16:28 | Crear | Monk |
| 16:45 | Investigar | Heavy Plow |
| 16:47 | Construir | Farm |
| 16:49 | Construir | Farm |
| 16:50 | Construir | Farm |
| 16:55 | Construir | Farm |
| 16:58 | Crear | Villager (Male) |
| 17:20 | Crear | Villager (Male) |
| 17:20 | Crear | Villager (Male) |
| 17:30 | Construir | Town Center |
| 18:08 | Crear | Villager (Male) |
| 18:09 | Crear | Villager (Male) |
| 18:09 | Crear | Villager (Male) |
| 18:10 | Crear | Villager (Male) |
| 18:16 | Construir | Farm |
| 18:18 | Construir | Farm |
| 18:24 | Crear | Villager (Male) |
| 18:30 | Investigar | Town Watch |
| 18:37 | Construir | Farm |
| 18:41 | Construir | Farm |
| 18:45 | Crear | Villager (Male) |
| 18:45 | Crear | Villager (Male) |
| 18:49 | Construir | Farm |
| 18:52 | Construir | Farm |
| 18:58 | Construir | House |
| 18:58 | Construir | House |
| 19:08 | Crear | Villager (Male) |
| 19:09 | Crear | Villager (Male) |
| 19:11 | Crear | Villager (Male) |
| 19:19 | Crear | Villager (Male) |
| 19:19 | Crear | Villager (Male) |
| 19:41 | Construir | Town Center |
| 19:47 | Crear | Villager (Male) |
| 19:48 | Crear | Villager (Male) |
| 19:48 | Crear | Villager (Male) |
| 19:49 | Construir | Farm |
| 19:51 | Crear | Villager (Male) |
| 19:55 | Construir | House |
| 19:55 | Construir | House |
| 19:56 | Construir | House |
| 19:56 | Construir | House |
| 19:56 | Construir | House |
| 19:56 | Construir | House |
| 20:15 | Crear | Villager (Male) |
| 20:16 | Crear | Villager (Male) |
| 20:17 | Crear | Villager (Male) |
| 20:34 | Crear | Villager (Male) |
| 20:34 | Crear | Villager (Male) |
| 20:35 | Crear | Villager (Male) |
| 20:38 | Construir | Farm |
| 20:39 | Crear | Villager (Male) |
| 20:42 | Construir | Farm |
| 20:47 | Crear | Trade Cart |
| 20:52 | Investigar | Gold Mining |
| 20:59 | Crear | Villager (Male) |
| 21:01 | Crear | Villager (Male) |
| 21:01 | Crear | Villager (Male) |
| 21:06 | Crear | Villager (Male) |
| 21:10 | Construir | Farm |
| 21:13 | Crear | Villager (Male) |
| 21:37 | Crear | Villager (Male) |
| 21:37 | Crear | Villager (Male) |
| 21:38 | Crear | Villager (Male) |
| 21:42 | Construir | Farm |
Build order — legend
Primeras 150 de 184 acciones detectadas
| 0:02 | Crear | Villager (Male) |
| 0:02 | Crear | Villager (Male) |
| 0:02 | Crear | Villager (Male) |
| 0:02 | Crear | Villager (Male) |
| 0:03 | Crear | Villager (Male) |
| 0:04 | Construir | House |
| 0:06 | Construir | House |
| 1:28 | Crear | Villager (Male) |
| 1:28 | Crear | Villager (Male) |
| 1:55 | Construir | Lumber Camp |
| 2:01 | Crear | Villager (Male) |
| 2:01 | Crear | Villager (Male) |
| 2:22 | Crear | Villager (Male) |
| 2:23 | Crear | Villager (Male) |
| 2:52 | Crear | Villager (Male) |
| 2:52 | Crear | Villager (Male) |
| 3:10 | Construir | House |
| 3:20 | Construir | House |
| 3:22 | Construir | House |
| 3:25 | Crear | Villager (Male) |
| 3:25 | Crear | Villager (Male) |
| 3:47 | Construir | House |
| 3:53 | Crear | Villager (Male) |
| 3:53 | Crear | Villager (Male) |
| 3:54 | Crear | Villager (Male) |
| 4:20 | Crear | Villager (Male) |
| 4:20 | Crear | Villager (Male) |
| 4:21 | Crear | Villager (Male) |
| 4:54 | Construir | Mill |
| 5:20 | Crear | Villager (Male) |
| 5:20 | Crear | Villager (Male) |
| 5:41 | Crear | Villager (Male) |
| 5:41 | Crear | Villager (Male) |
| 5:41 | Crear | Villager (Male) |
| 5:42 | Crear | Villager (Male) |
| 6:16 | Crear | Villager (Male) |
| 6:16 | Crear | Villager (Male) |
| 7:01 | Crear | Villager (Male) |
| 7:01 | Crear | Villager (Male) |
| 7:02 | Crear | Villager (Male) |
| 8:33 | Construir | Mining Camp |
| 8:40 | Construir | Mining Camp |
| 8:50 | Investigar | Feudal Age |
| 9:19 | Crear | Villager (Male) |
| 9:20 | Crear | Villager (Male) |
| 10:22 | Crear | Villager (Male) |
| 11:03 | Edad | Edad Feudal |
| 11:07 | Construir | Market |
| 11:09 | Construir | Blacksmith |
| 11:55 | Investigar | Castle Age |
| 12:27 | Crear | Villager (Male) |
| 12:28 | Crear | Villager (Male) |
| 13:51 | Construir | Farm |
| 13:55 | Construir | Farm |
| 14:35 | Edad | Edad de los Castillos |
| 14:41 | Construir | Town Center |
| 14:43 | Construir | Town Center |
| 15:03 | Construir | Monastery |
| 15:06 | Crear | Villager (Male) |
| 15:09 | Construir | Farm |
| 15:14 | Construir | Farm |
| 15:16 | Construir | Farm |
| 15:32 | Construir | Farm |
| 15:35 | Construir | Farm |
| 15:40 | Crear | Villager (Male) |
| 15:51 | Construir | Farm |
| 16:02 | Construir | House |
| 16:10 | Crear | Monk |
| 16:17 | Construir | Farm |
| 16:23 | Crear | Villager (Male) |
| 16:23 | Crear | Villager (Male) |
| 16:23 | Crear | Villager (Male) |
| 16:28 | Crear | Villager (Male) |
| 16:32 | Construir | House |
| 16:37 | Crear | Villager (Male) |
| 16:38 | Crear | Villager (Male) |
| 16:39 | Crear | Villager (Male) |
| 16:39 | Crear | Villager (Male) |
| 16:39 | Crear | Villager (Male) |
| 16:39 | Crear | Villager (Male) |
| 16:58 | Construir | Mill |
| 17:08 | Construir | Mill |
| 17:09 | Construir | Farm |
| 17:14 | Construir | Farm |
| 17:15 | Construir | Farm |
| 17:19 | Crear | Villager (Male) |
| 17:20 | Crear | Villager (Male) |
| 17:35 | Construir | Farm |
| 17:40 | Crear | Villager (Male) |
| 17:40 | Crear | Villager (Male) |
| 17:45 | Construir | Farm |
| 17:59 | Construir | Mill |
| 18:04 | Construir | Farm |
| 18:05 | Construir | Farm |
| 18:06 | Crear | Villager (Male) |
| 18:08 | Crear | Villager (Male) |
| 18:08 | Crear | Villager (Male) |
| 18:13 | Crear | Villager (Male) |
| 18:18 | Construir | Farm |
| 18:19 | Construir | Farm |
| 18:19 | Construir | Farm |
| 18:28 | Crear | Villager (Male) |
| 18:29 | Crear | Villager (Male) |
| 18:31 | Construir | Farm |
| 18:38 | Construir | Farm |
| 18:39 | Crear | Villager (Male) |
| 18:41 | Crear | Villager (Male) |
| 18:50 | Crear | Villager (Male) |
| 18:50 | Crear | Villager (Male) |
| 18:54 | Construir | Farm |
| 18:55 | Construir | Farm |
| 19:01 | Crear | Villager (Male) |
| 19:02 | Crear | Villager (Male) |
| 19:27 | Crear | Villager (Male) |
| 19:27 | Crear | Villager (Male) |
| 19:29 | Investigar | Double-Bit Axe |
| 19:30 | Investigar | Double-Bit Axe |
| 19:47 | Construir | Siege Workshop |
| 19:50 | Crear | Villager (Male) |
| 19:51 | Crear | Villager (Male) |
| 19:51 | Crear | Villager (Male) |
| 19:52 | Investigar | Loom |
| 20:04 | Crear | Villager (Male) |
| 20:04 | Crear | Villager (Male) |
| 20:13 | Construir | Mill |
| 20:20 | Construir | Mill |
| 20:21 | Construir | Farm |
| 20:22 | Construir | Farm |
| 20:23 | Construir | Farm |
| 20:24 | Construir | Farm |
| 20:25 | Construir | Farm |
| 20:26 | Construir | Farm |
| 20:27 | Construir | Farm |
| 20:28 | Construir | Farm |
| 20:30 | Crear | Villager (Male) |
| 20:31 | Crear | Villager (Male) |
| 20:31 | Crear | Villager (Male) |
| 20:31 | Crear | Villager (Male) |
| 20:32 | Crear | Villager (Male) |
| 20:46 | Construir | House |
| 20:49 | Construir | House |
| 20:51 | Crear | Villager (Male) |
| 20:51 | Crear | Villager (Male) |
| 20:51 | Crear | Villager (Male) |
| 20:52 | Crear | Villager (Male) |
| 21:20 | Crear | Mangonel |
| 21:20 | Crear | Mangonel |
| 21:24 | Construir | Farm |
| 21:28 | Construir | House |
| 21:31 | Crear | Villager (Male) |
Build order — The Stray King
Primeras 150 de 632 acciones detectadas
| 0:03 | Crear | Villager (Male) |
| 0:03 | Crear | Villager (Male) ×3 |
| 0:03 | Crear | Villager (Male) ×3 |
| 0:07 | Construir | House |
| 0:10 | Construir | House |
| 1:24 | Crear | Villager (Male) |
| 1:24 | Crear | Villager (Male) |
| 1:25 | Crear | Villager (Male) |
| 1:48 | Crear | Villager (Male) |
| 1:49 | Crear | Villager (Male) |
| 2:17 | Construir | Lumber Camp |
| 2:22 | Crear | Villager (Male) |
| 2:22 | Crear | Villager (Male) |
| 2:50 | Crear | Villager (Male) |
| 2:50 | Crear | Villager (Male) |
| 3:22 | Crear | Villager (Male) |
| 3:23 | Crear | Villager (Male) |
| 3:29 | Crear | Villager (Male) |
| 3:29 | Crear | Villager (Male) |
| 3:51 | Construir | House |
| 4:08 | Crear | Villager (Male) |
| 4:08 | Crear | Villager (Male) ×2 |
| 4:09 | Crear | Villager (Male) ×2 |
| 4:09 | Crear | Villager (Male) |
| 5:00 | Crear | Villager (Male) |
| 5:19 | Crear | Villager (Male) ×2 |
| 5:19 | Crear | Villager (Male) ×2 |
| 5:22 | Crear | Villager (Male) |
| 5:22 | Crear | Villager (Male) |
| 5:22 | Crear | Villager (Male) |
| 5:30 | Construir | House |
| 6:23 | Construir | House |
| 6:32 | Crear | Villager (Male) |
| 6:50 | Crear | Villager (Male) |
| 7:15 | Crear | Villager (Male) |
| 7:18 | Construir | Mill |
| 7:55 | Crear | Villager (Male) |
| 8:05 | Construir | House |
| 8:13 | Investigar | Feudal Age |
| 8:13 | Investigar | Feudal Age |
| 8:33 | Crear | Villager (Male) |
| 9:35 | Construir | Barracks |
| 10:26 | Edad | Edad Feudal |
| 10:38 | Construir | Stable |
| 10:44 | Investigar | Double-Bit Axe |
| 10:44 | Investigar | Double-Bit Axe |
| 10:46 | Crear | Villager (Male) |
| 10:54 | Crear | Villager (Male) |
| 11:12 | Construir | Stable |
| 11:16 | Crear | Villager (Male) |
| 11:20 | Construir | House |
| 11:26 | Construir | House |
| 11:30 | Crear | Scout Cavalry |
| 11:31 | Crear | Scout Cavalry |
| 11:51 | Crear | Villager (Male) |
| 11:59 | Construir | Farm |
| 12:02 | Construir | Farm |
| 12:08 | Crear | Scout Cavalry |
| 12:10 | Investigar | Bloodlines |
| 12:19 | Construir | Farm |
| 12:28 | Crear | Villager (Male) |
| 12:39 | Construir | Farm |
| 12:50 | Construir | Farm |
| 12:52 | Crear | Villager (Male) |
| 12:53 | Crear | Villager (Male) |
| 12:53 | Crear | Villager (Male) |
| 13:07 | Construir | Farm |
| 13:16 | Construir | Farm |
| 13:41 | Crear | Scout Cavalry |
| 13:42 | Crear | Scout Cavalry |
| 13:51 | Construir | Watch Tower |
| 13:56 | Construir | Market |
| 14:01 | Construir | House |
| 14:16 | Crear | Villager (Male) |
| 14:19 | Crear | Scout Cavalry |
| 14:19 | Crear | Scout Cavalry |
| 14:19 | Crear | Scout Cavalry |
| 14:39 | Crear | Villager (Male) |
| 14:47 | Crear | Villager (Male) |
| 14:51 | Construir | House |
| 14:59 | Construir | House |
| 15:07 | Crear | Villager (Male) |
| 15:11 | Construir | Farm |
| 15:11 | Construir | Farm |
| 15:12 | Construir | Farm |
| 15:12 | Construir | Farm |
| 15:12 | Construir | Farm |
| 15:12 | Construir | Farm |
| 15:13 | Construir | Farm |
| 15:17 | Construir | House |
| 15:21 | Construir | House |
| 15:39 | Crear | Villager (Male) |
| 15:39 | Crear | Villager (Male) |
| 15:44 | Construir | Blacksmith |
| 16:09 | Crear | Scout Cavalry |
| 16:09 | Crear | Scout Cavalry |
| 16:41 | Crear | Villager (Male) |
| 16:41 | Crear | Villager (Male) |
| 17:18 | Crear | Villager (Male) |
| 17:27 | Construir | Lumber Camp |
| 17:29 | Construir | Farm |
| 18:19 | Crear | Villager (Male) |
| 18:19 | Crear | Villager (Male) |
| 18:23 | Construir | Farm |
| 18:24 | Construir | Farm |
| 18:52 | Construir | Mining Camp |
| 18:58 | Construir | House |
| 18:59 | Construir | House |
| 19:08 | Crear | Villager (Male) |
| 19:37 | Crear | Villager (Male) |
| 19:37 | Crear | Villager (Male) |
| 19:48 | Investigar | Castle Age |
| 19:52 | Construir | House |
| 19:53 | Construir | House |
| 19:53 | Construir | House |
| 19:53 | Construir | House |
| 19:53 | Construir | House |
| 21:03 | Crear | Villager (Male) |
| 21:03 | Crear | Villager (Male) |
| 21:05 | Investigar | Scale Barding Armor |
| 21:07 | Construir | House |
| 21:18 | Crear | Scout Cavalry ×3 |
| 21:31 | Construir | Stable |
| 21:33 | Construir | Stable |
| 21:34 | Construir | Stable |
| 21:40 | Construir | House |
| 21:40 | Construir | House |
| 21:40 | Construir | House |
| 21:41 | Construir | House |
| 21:41 | Construir | House |
| 21:41 | Construir | House |
| 21:51 | Crear | Scout Cavalry |
| 21:51 | Crear | Scout Cavalry |
| 22:10 | Crear | Scout Cavalry |
| 22:28 | Edad | Edad de los Castillos |
| 22:57 | Investigar | Light Cavalry (upgrade) |
| 22:59 | Investigar | Husbandry |
| 23:26 | Crear | Villager (Male) |
| 23:27 | Crear | Villager (Male) |
| 23:38 | Construir | Town Center |
| 24:13 | Investigar | Chain Barding Armor |
| 24:56 | Crear | Villager (Male) |
| 24:56 | Crear | Villager (Male) |
| 25:24 | Crear | Villager (Male) |
| 25:24 | Investigar | Wheelbarrow |
| 25:34 | Investigar | Bow Saw |
| 25:35 | Investigar | Bow Saw |
| 25:40 | Construir | Town Center |
| 26:57 | Crear | Villager (Male) |
| 26:57 | Crear | Villager (Male) |
Build order — AirMo 1688
Primeras 150 de 2351 acciones detectadas
| 0:01 | Crear | Villager (Male) |
| 0:01 | Crear | Villager (Male) |
| 0:02 | Construir | House |
| 0:03 | Construir | House |
| 0:07 | Crear | Villager (Male) |
| 0:07 | Crear | Villager (Male) |
| 0:08 | Crear | Villager (Male) |
| 0:08 | Crear | Villager (Male) |
| 1:25 | Crear | Villager (Male) |
| 1:25 | Crear | Villager (Male) |
| 1:53 | Crear | Villager (Male) |
| 2:04 | Construir | Lumber Camp |
| 2:33 | Crear | Villager (Male) |
| 2:33 | Crear | Villager (Male) |
| 2:33 | Crear | Villager (Male) |
| 2:34 | Crear | Villager (Male) |
| 2:57 | Crear | Villager (Male) |
| 2:57 | Crear | Villager (Male) |
| 3:20 | Crear | Villager (Male) |
| 3:37 | Construir | House |
| 4:00 | Crear | Villager (Male) |
| 4:01 | Crear | Villager (Male) |
| 4:33 | Construir | Mill |
| 4:48 | Crear | Villager (Male) |
| 4:48 | Crear | Villager (Male) |
| 4:53 | Construir | House |
| 4:55 | Construir | House |
| 5:43 | Crear | Villager (Male) |
| 6:09 | Crear | Villager (Male) |
| 6:33 | Crear | Villager (Male) |
| 6:34 | Crear | Villager (Male) |
| 6:51 | Construir | Mining Camp |
| 7:15 | Construir | Farm |
| 7:31 | Crear | Villager (Male) |
| 7:31 | Crear | Villager (Male) |
| 7:38 | Construir | Farm |
| 7:44 | Crear | Villager (Male) |
| 8:23 | Construir | Lumber Camp |
| 8:35 | Investigar | Feudal Age |
| 8:35 | Investigar | Feudal Age |
| 8:47 | Construir | Farm |
| 9:21 | Crear | Villager (Male) |
| 9:21 | Crear | Villager (Male) |
| 10:48 | Edad | Edad Feudal |
| 10:51 | Construir | Market |
| 10:55 | Construir | Blacksmith |
| 11:41 | Investigar | Castle Age |
| 11:41 | Investigar | Castle Age |
| 11:57 | Investigar | Double-Bit Axe |
| 12:11 | Construir | House |
| 12:22 | Investigar | Horse Collar |
| 13:46 | Investigar | Wheelbarrow |
| 14:07 | Edad | Edad de los Castillos |
| 14:09 | Construir | Town Center |
| 14:10 | Crear | Villager (Male) |
| 14:13 | Construir | Town Center |
| 14:31 | Construir | Farm |
| 15:04 | Construir | Farm |
| 15:06 | Investigar | Bow Saw |
| 15:06 | Investigar | Bow Saw |
| 15:06 | Crear | Villager (Male) |
| 15:18 | Construir | Farm |
| 15:27 | Crear | Villager (Male) |
| 15:29 | Construir | Farm |
| 15:42 | Construir | Farm |
| 15:46 | Crear | Villager (Male) |
| 15:46 | Crear | Villager (Male) |
| 16:01 | Crear | Villager (Male) |
| 16:02 | Crear | Villager (Male) |
| 16:04 | Construir | Lumber Camp |
| 16:12 | Crear | Villager (Male) |
| 16:23 | Construir | Monastery |
| 16:25 | Crear | Villager (Male) |
| 16:29 | Crear | Villager (Male) |
| 16:29 | Crear | Villager (Male) |
| 16:53 | Crear | Villager (Male) |
| 16:55 | Construir | Farm |
| 16:56 | Construir | Farm |
| 17:06 | Crear | Monk |
| 17:08 | Construir | Farm |
| 17:16 | Crear | Villager (Male) |
| 17:16 | Crear | Villager (Male) |
| 17:16 | Crear | Villager (Male) |
| 17:19 | Construir | Farm |
| 17:20 | Construir | Farm |
| 17:27 | Crear | Villager (Male) |
| 17:28 | Construir | Farm |
| 17:35 | Construir | Farm |
| 17:36 | Construir | Farm |
| 17:40 | Construir | Farm |
| 17:45 | Construir | House |
| 17:46 | Construir | House |
| 17:48 | Crear | Villager (Male) |
| 17:49 | Crear | Villager (Male) |
| 17:58 | Investigar | Fervor |
| 18:03 | Crear | Villager (Male) |
| 18:04 | Crear | Villager (Male) |
| 18:07 | Crear | Villager (Male) |
| 18:09 | Construir | Farm |
| 18:12 | Construir | Farm |
| 18:18 | Construir | Farm |
| 18:18 | Construir | Farm |
| 18:21 | Crear | Villager (Male) |
| 18:21 | Crear | Villager (Male) |
| 18:21 | Crear | Villager (Male) |
| 18:31 | Construir | Farm |
| 18:31 | Construir | Farm |
| 18:39 | Crear | Villager (Male) |
| 18:39 | Crear | Villager (Male) |
| 18:40 | Crear | Villager (Male) |
| 18:40 | Crear | Villager (Male) |
| 18:49 | Crear | Villager (Male) |
| 18:49 | Crear | Villager (Male) |
| 18:54 | Construir | House |
| 18:55 | Construir | House |
| 18:56 | Crear | Villager (Male) |
| 19:06 | Construir | Farm |
| 19:08 | Crear | Villager (Male) |
| 19:08 | Crear | Villager (Male) |
| 19:14 | Construir | Farm |
| 19:19 | Construir | Town Center |
| 19:21 | Crear | Villager (Male) |
| 19:21 | Crear | Villager (Male) |
| 19:21 | Crear | Villager (Male) |
| 19:27 | Crear | Villager (Male) |
| 19:29 | Construir | Farm |
| 19:31 | Construir | Farm |
| 19:52 | Construir | House |
| 19:53 | Construir | House |
| 19:55 | Construir | House |
| 19:56 | Construir | House |
| 20:02 | Crear | Villager (Male) |
| 20:02 | Crear | Villager (Male) |
| 20:02 | Crear | Villager (Male) |
| 20:02 | Crear | Villager (Male) |
| 20:03 | Crear | Villager (Male) |
| 20:09 | Construir | Farm |
| 20:09 | Construir | Farm |
| 20:18 | Crear | Villager (Male) |
| 20:32 | Investigar | Hand Cart |
| 20:32 | Investigar | Hand Cart |
| 20:36 | Crear | Villager (Male) |
| 20:36 | Crear | Villager (Male) |
| 20:36 | Crear | Villager (Male) |
| 20:36 | Crear | Villager (Male) |
| 20:37 | Crear | Villager (Male) |
| 20:41 | Construir | Farm |
| 20:42 | Construir | Farm |
| 20:44 | Crear | Villager (Male) |
| 20:49 | Crear | Villager (Male) |
Build order — stim1798
Primeras 150 de 634 acciones detectadas
| 0:00 | Crear | Villager (Male) |
| 0:01 | Crear | Villager (Male) |
| 0:03 | Construir | House |
| 0:05 | Construir | House |
| 0:38 | Crear | Villager (Male) |
| 0:38 | Crear | Villager (Male) |
| 0:39 | Crear | Villager (Male) |
| 1:29 | Crear | Villager (Male) |
| 1:29 | Crear | Villager (Male) |
| 1:48 | Construir | Lumber Camp |
| 1:56 | Crear | Villager (Male) |
| 1:57 | Crear | Villager (Male) |
| 2:32 | Crear | Villager (Male) |
| 2:32 | Crear | Villager (Male) |
| 2:53 | Crear | Villager (Male) |
| 2:54 | Crear | Villager (Male) |
| 3:05 | Crear | Villager (Male) |
| 3:05 | Crear | Villager (Male) |
| 3:33 | Construir | House |
| 3:35 | Crear | Villager (Male) |
| 3:35 | Crear | Villager (Male) |
| 3:54 | Construir | House |
| 4:07 | Crear | Villager (Male) |
| 4:07 | Crear | Villager (Male) |
| 4:11 | Construir | House |
| 4:22 | Crear | Villager (Male) |
| 4:22 | Crear | Villager (Male) |
| 4:46 | Crear | Villager (Male) |
| 4:47 | Crear | Villager (Male) |
| 5:02 | Construir | Mill |
| 5:26 | Crear | Villager (Male) |
| 5:27 | Crear | Villager (Male) |
| 5:42 | Crear | Villager (Male) |
| 6:09 | Crear | Villager (Male) |
| 6:10 | Crear | Villager (Male) |
| 6:16 | Crear | Villager (Male) |
| 6:17 | Crear | Villager (Male) |
| 6:30 | Crear | Villager (Male) |
| 6:31 | Crear | Villager (Male) |
| 6:47 | Crear | Villager (Male) |
| 6:47 | Crear | Villager (Male) |
| 7:05 | Crear | Villager (Male) |
| 8:08 | Construir | Lumber Camp |
| 8:27 | Construir | Mining Camp |
| 9:08 | Investigar | Feudal Age |
| 9:43 | Crear | Villager (Male) |
| 9:43 | Crear | Villager (Male) |
| 9:44 | Investigar | Loom |
| 10:34 | Construir | Farm |
| 10:35 | Construir | Farm |
| 10:36 | Construir | Farm |
| 10:37 | Construir | Farm |
| 11:06 | Crear | Villager (Male) |
| 11:22 | Edad | Edad Feudal |
| 11:24 | Construir | Market |
| 11:31 | Construir | Blacksmith |
| 12:05 | Construir | Mining Camp |
| 12:27 | Construir | House |
| 13:05 | Investigar | Castle Age |
| 13:31 | Construir | House |
| 13:39 | Construir | Barracks |
| 13:50 | Investigar | Double-Bit Axe |
| 14:06 | Construir | House |
| 14:52 | Construir | Archery Range |
| 15:26 | Construir | Stone Wall |
| 15:27 | Construir | Stone Wall |
| 15:36 | Construir | Stone Wall |
| 15:45 | Edad | Edad de los Castillos |
| 15:55 | Construir | Siege Workshop |
| 16:14 | Crear | Archer |
| 16:16 | Crear | Villager (Male) |
| 16:17 | Crear | Villager (Male) |
| 16:26 | Construir | House |
| 16:50 | Construir | Castle |
| 17:32 | Crear | Mangonel |
| 18:38 | Construir | Stone Wall |
| 19:24 | Construir | Town Center |
| 19:42 | Construir | Siege Workshop |
| 20:24 | Crear | Mangonel |
| 21:05 | Crear | Villager (Male) ×5 |
| 21:35 | Crear | Villager (Male) |
| 21:36 | Crear | Villager (Male) |
| 21:55 | Construir | Farm |
| 22:08 | Crear | Villager (Male) |
| 23:13 | Construir | Building 487 |
| 23:16 | Crear | Villager (Male) |
| 23:37 | Crear | Spearman |
| 23:37 | Crear | Spearman |
| 23:43 | Crear | Villager (Male) |
| 24:35 | Construir | Building 487 |
| 24:40 | Construir | Building 490 |
| 24:51 | Construir | Stone Wall |
| 24:59 | Construir | Stone Wall |
| 25:25 | Construir | Town Center |
| 25:55 | Crear | Villager (Male) |
| 26:52 | Crear | Villager (Male) |
| 27:10 | Construir | Stone Wall |
| 27:11 | Construir | Stone Wall |
| 27:31 | Construir | Town Center |
| 27:43 | Construir | Farm |
| 27:44 | Construir | Farm |
| 27:48 | Construir | Farm |
| 27:49 | Construir | Farm |
| 27:52 | Construir | Farm |
| 28:11 | Construir | Farm |
| 28:28 | Crear | Villager (Male) |
| 29:07 | Construir | Town Center |
| 29:10 | Crear | Villager (Male) |
| 29:39 | Crear | Villager (Male) |
| 29:50 | Crear | Villager (Male) |
| 29:54 | Construir | Farm |
| 30:24 | Crear | Villager (Male) |
| 30:34 | Crear | Villager (Male) |
| 30:58 | Construir | Farm |
| 31:03 | Construir | Farm |
| 31:10 | Crear | Villager (Male) |
| 31:18 | Crear | Villager (Male) |
| 31:33 | Crear | Villager (Male) |
| 31:41 | Construir | Farm |
| 31:42 | Construir | Farm |
| 31:45 | Crear | Villager (Male) |
| 32:01 | Crear | Villager (Male) |
| 32:08 | Crear | Villager (Male) |
| 32:16 | Construir | Farm |
| 32:17 | Construir | Farm |
| 32:23 | Construir | Farm |
| 32:27 | Crear | Villager (Male) |
| 32:37 | Crear | Villager (Male) |
| 32:50 | Crear | Villager (Male) |
| 32:55 | Crear | Villager (Male) |
| 33:04 | Construir | Farm |
| 33:05 | Construir | Farm |
| 33:07 | Crear | Villager (Male) |
| 33:13 | Crear | Villager (Male) |
| 33:23 | Crear | Villager (Male) |
| 33:30 | Crear | Villager (Male) |
| 33:38 | Crear | Villager (Male) |
| 33:42 | Construir | Mining Camp |
| 33:52 | Crear | Villager (Male) |
| 33:54 | Crear | Villager (Male) |
| 34:04 | Crear | Villager (Male) |
| 34:14 | Crear | Villager (Male) |
| 34:27 | Crear | Villager (Male) |
| 34:31 | Construir | Market |
| 34:35 | Construir | Farm |
| 34:38 | Construir | Farm |
| 34:41 | Crear | Villager (Male) |
| 34:41 | Crear | Villager (Male) |
| 34:48 | Crear | Villager (Male) |
| 34:53 | Crear | Villager (Male) |
Build order — WIZ
Primeras 150 de 767 acciones detectadas
| 0:00 | Crear | Villager (Male) |
| 0:01 | Crear | Villager (Male) |
| 0:01 | Crear | Villager (Male) |
| 0:02 | Construir | House |
| 0:03 | Construir | House |
| 0:48 | Crear | Villager (Male) |
| 1:31 | Crear | Villager (Male) |
| 2:03 | Crear | Villager (Male) |
| 2:12 | Construir | Lumber Camp |
| 2:27 | Crear | Villager (Male) |
| 2:28 | Crear | Villager (Male) |
| 2:58 | Crear | Villager (Male) |
| 3:13 | Crear | Villager (Male) |
| 3:25 | Construir | House |
| 3:37 | Crear | Villager (Male) |
| 4:09 | Crear | Villager (Male) |
| 4:43 | Crear | Villager (Male) |
| 5:19 | Crear | Villager (Male) |
| 5:27 | Crear | Villager (Male) |
| 6:05 | Crear | Villager (Male) |
| 6:44 | Crear | Villager (Male) |
| 6:48 | Investigar | Loom |
| 6:52 | Construir | Mill |
| 7:16 | Investigar | Feudal Age |
| 8:39 | Crear | Villager (Male) |
| 8:39 | Crear | Villager (Male) |
| 8:49 | Construir | House |
| 9:26 | Edad | Edad Feudal |
| 9:31 | Construir | Market |
| 9:35 | Construir | Blacksmith |
| 10:24 | Investigar | Castle Age |
| 11:09 | Construir | Mining Camp |
| 11:35 | Investigar | Double-Bit Axe |
| 13:04 | Edad | Edad de los Castillos |
| 13:09 | Construir | Siege Workshop |
| 13:11 | Construir | Siege Workshop |
| 13:14 | Crear | Villager (Male) |
| 13:16 | Crear | Villager (Male) |
| 13:47 | Construir | House |
| 13:51 | Crear | Battering Ram |
| 14:02 | Crear | Scorpion |
| 14:11 | Crear | Villager (Male) |
| 14:17 | Construir | House |
| 14:35 | Crear | Battering Ram |
| 14:35 | Crear | Battering Ram |
| 14:48 | Crear | Scorpion |
| 14:57 | Crear | Villager (Male) |
| 15:02 | Construir | House |
| 15:05 | Crear | Villager (Male) |
| 15:40 | Crear | Battering Ram |
| 15:46 | Crear | Villager (Male) |
| 15:53 | Crear | Scorpion |
| 15:57 | Crear | Villager (Male) |
| 16:00 | Construir | House |
| 16:27 | Crear | Scorpion |
| 17:04 | Crear | Battering Ram |
| 17:45 | Crear | Scorpion |
| 18:03 | Crear | Battering Ram |
| 18:05 | Crear | Villager (Male) |
| 18:05 | Crear | Villager (Male) |
| 18:05 | Crear | Villager (Male) |
| 18:08 | Construir | House |
| 18:33 | Crear | Scorpion |
| 18:34 | Crear | Scorpion |
| 18:45 | Construir | House |
| 18:48 | Construir | Farm |
| 19:02 | Crear | Scorpion |
| 19:16 | Construir | House |
| 19:29 | Crear | Battering Ram |
| 19:29 | Crear | Battering Ram |
| 19:33 | Construir | Farm |
| 19:42 | Construir | Farm |
| 19:44 | Construir | Farm |
| 19:52 | Construir | Farm |
| 20:06 | Crear | Villager (Male) |
| 20:20 | Construir | Farm |
| 20:42 | Crear | Villager (Male) |
| 20:44 | Construir | Farm |
| 20:55 | Crear | Mangonel |
| 21:04 | Crear | Villager (Male) |
| 21:14 | Crear | Villager (Male) |
| 21:17 | Crear | Mangonel |
| 21:31 | Construir | Farm |
| 22:02 | Crear | Villager (Male) |
| 22:05 | Construir | Farm |
| 22:06 | Construir | Farm |
| 22:28 | Crear | Villager (Male) |
| 22:30 | Crear | Villager (Male) |
| 23:18 | Crear | Battering Ram |
| 23:18 | Crear | Mangonel |
| 23:48 | Construir | Farm |
| 24:17 | Crear | Battering Ram |
| 24:19 | Crear | Villager (Male) |
| 24:19 | Crear | Villager (Male) |
| 24:19 | Crear | Villager (Male) |
| 24:50 | Crear | Battering Ram |
| 25:40 | Crear | Battering Ram |
| 25:47 | Crear | Villager (Male) |
| 26:22 | Crear | Villager (Male) |
| 26:27 | Construir | Farm |
| 26:28 | Construir | Farm |
| 26:30 | Construir | Farm |
| 26:32 | Construir | Farm |
| 26:50 | Construir | House |
| 27:03 | Construir | Farm |
| 27:06 | Construir | Farm |
| 27:45 | Crear | Villager (Male) |
| 27:45 | Crear | Villager (Male) |
| 27:45 | Crear | Villager (Male) |
| 27:55 | Construir | Monastery |
| 28:06 | Construir | University |
| 28:28 | Construir | Farm |
| 28:29 | Construir | Farm |
| 28:39 | Investigar | Imperial Age |
| 29:28 | Construir | Farm |
| 29:29 | Construir | Farm |
| 29:38 | Construir | Farm |
| 29:47 | Crear | Villager (Male) |
| 29:51 | Investigar | Bow Saw |
| 29:54 | Investigar | Horse Collar |
| 30:05 | Construir | Lumber Camp |
| 30:10 | Investigar | Gold Mining |
| 30:26 | Construir | Farm |
| 30:33 | Crear | Villager (Male) |
| 30:48 | Crear | Monk |
| 31:04 | Construir | Barracks |
| 31:33 | Construir | Farm |
| 31:34 | Construir | Farm |
| 31:51 | Edad | Edad Imperial |
| 32:06 | Investigar | Man-at-Arms (upgrade) |
| 32:08 | Investigar | Pikeman (upgrade) |
| 32:11 | Construir | Barracks |
| 32:19 | Investigar | Capped Ram (upgrade) |
| 32:22 | Crear | Villager (Male) |
| 32:27 | Construir | Farm |
| 32:40 | Investigar | Scale Mail Armor |
| 32:45 | Crear | Spearman |
| 32:45 | Crear | Spearman |
| 32:46 | Crear | Spearman |
| 33:05 | Construir | Farm |
| 33:09 | Construir | Barracks |
| 33:12 | Investigar | Halberdier (upgrade) |
| 33:15 | Construir | Farm |
| 33:22 | Crear | Villager (Male) |
| 33:22 | Crear | Villager (Male) |
| 33:22 | Crear | Villager (Male) |
| 33:26 | Construir | Farm |
| 33:56 | Construir | Farm |
| 34:03 | Construir | Mining Camp |
| 34:06 | Construir | Farm |
Build order — BR
Primeras 150 de 801 acciones detectadas
| 0:03 | Investigar | Loom |
| 0:03 | Crear | Villager (Male) |
| 0:03 | Crear | Villager (Male) |
| 0:05 | Construir | House |
| 0:06 | Construir | House |
| 0:20 | Crear | Villager (Male) |
| 0:20 | Crear | Villager (Male) |
| 0:20 | Crear | Villager (Male) |
| 1:36 | Crear | Villager (Male) |
| 1:36 | Crear | Villager (Male) |
| 1:36 | Crear | Villager (Male) |
| 1:37 | Crear | Villager (Male) |
| 2:07 | Crear | Villager (Male) |
| 2:07 | Crear | Villager (Male) |
| 2:23 | Crear | Villager (Male) |
| 2:23 | Crear | Villager (Male) |
| 2:23 | Crear | Villager (Male) |
| 2:42 | Construir | Lumber Camp |
| 2:56 | Crear | Villager (Male) |
| 2:56 | Crear | Villager (Male) |
| 2:56 | Crear | Villager (Male) |
| 2:56 | Crear | Villager (Male) |
| 2:56 | Crear | Villager (Male) |
| 3:36 | Construir | House |
| 3:37 | Construir | House |
| 3:41 | Crear | Villager (Male) |
| 3:42 | Crear | Villager (Male) |
| 3:56 | Crear | Villager (Male) |
| 3:57 | Crear | Villager (Male) |
| 3:57 | Crear | Villager (Male) |
| 4:15 | Crear | Villager (Male) |
| 4:15 | Crear | Villager (Male) |
| 4:15 | Crear | Villager (Male) |
| 4:59 | Crear | Villager (Male) |
| 5:00 | Crear | Villager (Male) |
| 5:00 | Crear | Villager (Male) |
| 5:00 | Crear | Villager (Male) |
| 5:00 | Crear | Villager (Male) |
| 5:13 | Construir | Mill |
| 6:37 | Crear | Villager (Male) |
| 6:38 | Crear | Villager (Male) |
| 7:04 | Construir | House |
| 7:29 | Construir | Mining Camp |
| 7:31 | Crear | Villager (Male) |
| 7:31 | Crear | Villager (Male) |
| 7:47 | Crear | Villager (Male) |
| 7:49 | Construir | Lumber Camp |
| 8:43 | Investigar | Feudal Age |
| 8:43 | Investigar | Feudal Age |
| 10:58 | Edad | Edad Feudal |
| 11:01 | Construir | Market |
| 11:03 | Construir | Blacksmith |
| 11:04 | Crear | Villager (Male) |
| 11:04 | Crear | Villager (Male) |
| 11:55 | Investigar | Castle Age |
| 11:56 | Investigar | Castle Age |
| 12:34 | Investigar | Double-Bit Axe |
| 12:35 | Investigar | Double-Bit Axe |
| 12:38 | Investigar | Horse Collar |
| 12:38 | Investigar | Horse Collar |
| 13:54 | Investigar | Wheelbarrow |
| 14:35 | Edad | Edad de los Castillos |
| 14:36 | Investigar | Heavy Plow |
| 14:37 | Investigar | Heavy Plow |
| 14:38 | Investigar | Bow Saw |
| 14:38 | Investigar | Bow Saw |
| 14:38 | Investigar | Bow Saw |
| 14:51 | Construir | Town Center |
| 14:59 | Construir | Town Center |
| 15:12 | Construir | Farm |
| 15:20 | Construir | Farm |
| 15:28 | Construir | Farm |
| 15:29 | Construir | Farm |
| 15:30 | Construir | Farm |
| 15:36 | Crear | Villager (Male) |
| 15:38 | Construir | Farm |
| 15:44 | Construir | Farm |
| 15:50 | Construir | Farm |
| 16:11 | Construir | Farm |
| 16:13 | Crear | Villager (Male) |
| 16:17 | Crear | Villager (Male) |
| 16:26 | Construir | Farm |
| 16:35 | Construir | Farm |
| 16:37 | Crear | Villager (Male) |
| 16:38 | Crear | Villager (Male) |
| 16:46 | Construir | House |
| 16:48 | Construir | House |
| 16:53 | Crear | Villager (Male) |
| 16:53 | Crear | Villager (Male) |
| 16:54 | Crear | Villager (Male) |
| 16:54 | Crear | Villager (Male) |
| 17:06 | Crear | Villager (Male) |
| 17:08 | Construir | Farm |
| 17:15 | Construir | Farm |
| 17:18 | Construir | Farm |
| 17:26 | Construir | Farm |
| 17:27 | Crear | Villager (Male) |
| 17:28 | Crear | Villager (Male) |
| 17:28 | Crear | Villager (Male) |
| 17:28 | Crear | Villager (Male) |
| 17:36 | Construir | Farm |
| 17:40 | Crear | Villager (Male) |
| 17:42 | Construir | Farm |
| 17:50 | Construir | House |
| 17:56 | Crear | Villager (Male) |
| 17:56 | Crear | Villager (Male) |
| 17:56 | Crear | Villager (Male) |
| 18:00 | Construir | Farm |
| 18:05 | Crear | Villager (Male) |
| 18:05 | Crear | Villager (Male) |
| 18:06 | Crear | Villager (Male) |
| 18:11 | Construir | Farm |
| 18:20 | Crear | Villager (Male) |
| 18:23 | Crear | Villager (Male) |
| 18:23 | Crear | Villager (Male) |
| 18:26 | Construir | Farm |
| 18:27 | Crear | Villager (Male) |
| 18:27 | Crear | Villager (Male) |
| 18:27 | Crear | Villager (Male) |
| 18:32 | Construir | Farm |
| 18:40 | Construir | Farm |
| 18:42 | Crear | Villager (Male) |
| 18:43 | Crear | Villager (Male) |
| 18:53 | Construir | House |
| 18:54 | Construir | House |
| 18:57 | Crear | Villager (Male) |
| 18:59 | Construir | Farm |
| 19:05 | Crear | Villager (Male) |
| 19:06 | Crear | Villager (Male) |
| 19:12 | Crear | Villager (Male) |
| 19:12 | Crear | Villager (Male) |
| 19:12 | Crear | Villager (Male) |
| 19:16 | Construir | Lumber Camp |
| 19:22 | Crear | Villager (Male) |
| 19:30 | Construir | Farm |
| 19:46 | Crear | Villager (Male) |
| 19:48 | Crear | Villager (Male) |
| 19:51 | Crear | Villager (Male) |
| 19:52 | Construir | Farm |
| 20:11 | Crear | Villager (Male) |
| 20:12 | Crear | Villager (Male) |
| 20:14 | Crear | Villager (Male) |
| 20:19 | Crear | Villager (Male) |
| 20:21 | Crear | Villager (Male) |
| 20:31 | Crear | Villager (Male) |
| 20:32 | Crear | Villager (Male) |
| 20:34 | Crear | Villager (Male) |
| 20:43 | Construir | Town Center |
| 20:57 | Crear | Villager (Male) |
| 20:57 | Crear | Villager (Male) |
Build order — C00PAL00P
Primeras 150 de 1109 acciones detectadas
| 0:02 | Crear | Villager (Male) |
| 0:02 | Crear | Villager (Male) |
| 0:02 | Crear | Villager (Male) |
| 0:03 | Crear | Villager (Male) |
| 0:03 | Crear | Villager (Male) |
| 0:07 | Construir | House |
| 0:09 | Construir | House |
| 1:01 | Investigar | Loom |
| 1:27 | Crear | Villager (Male) |
| 1:27 | Crear | Villager (Male) |
| 2:08 | Crear | Villager (Male) |
| 2:08 | Crear | Villager (Male) |
| 2:36 | Investigar | Loom |
| 2:54 | Crear | Villager (Male) |
| 3:05 | Crear | Villager (Male) |
| 3:27 | Crear | Villager (Male) |
| 3:42 | Construir | Lumber Camp |
| 3:53 | Crear | Villager (Male) |
| 4:19 | Construir | House |
| 4:20 | Construir | House |
| 4:25 | Crear | Villager (Male) |
| 4:58 | Crear | Villager (Male) |
| 5:11 | Crear | Villager (Male) |
| 5:18 | Construir | House |
| 5:18 | Construir | House |
| 5:37 | Crear | Villager (Male) |
| 5:49 | Construir | Mill |
| 6:04 | Crear | Villager (Male) |
| 6:45 | Crear | Villager (Male) |
| 7:09 | Construir | Mining Camp |
| 7:12 | Crear | Villager (Male) |
| 7:45 | Investigar | Feudal Age |
| 9:55 | Edad | Edad Feudal |
| 10:00 | Construir | Market |
| 10:03 | Construir | Blacksmith |
| 10:09 | Crear | Villager (Male) |
| 10:37 | Construir | Farm |
| 10:38 | Construir | Farm |
| 10:45 | Crear | Villager (Male) |
| 10:45 | Crear | Villager (Male) |
| 10:51 | Construir | Farm |
| 11:13 | Construir | House |
| 11:15 | Construir | House |
| 11:27 | Construir | Farm |
| 11:39 | Crear | Villager (Male) |
| 11:42 | Crear | Villager (Male) |
| 12:09 | Construir | Farm |
| 12:10 | Crear | Villager (Male) |
| 12:25 | Construir | Farm |
| 12:53 | Investigar | Castle Age |
| 13:16 | Investigar | Double-Bit Axe |
| 13:17 | Investigar | Double-Bit Axe |
| 13:30 | Investigar | Horse Collar |
| 13:56 | Construir | Farm |
| 14:49 | Construir | Mining Camp |
| 15:10 | Crear | Villager (Male) |
| 15:11 | Crear | Villager (Male) |
| 15:34 | Edad | Edad de los Castillos |
| 15:42 | Construir | Town Center |
| 15:58 | Crear | Villager (Male) |
| 15:58 | Crear | Villager (Male) |
| 16:14 | Investigar | Bow Saw |
| 16:38 | Crear | Villager (Male) |
| 16:39 | Crear | Villager (Male) |
| 16:39 | Crear | Villager (Male) |
| 16:44 | Crear | Villager (Male) |
| 17:01 | Investigar | Stone Mining |
| 17:21 | Construir | House |
| 17:22 | Construir | House |
| 17:23 | Construir | House |
| 17:25 | Construir | House |
| 17:33 | Crear | Villager (Male) |
| 17:34 | Crear | Villager (Male) |
| 17:36 | Crear | Villager (Male) |
| 17:36 | Crear | Villager (Male) |
| 17:45 | Construir | Farm |
| 17:46 | Construir | Farm |
| 17:47 | Construir | Farm |
| 17:54 | Construir | Farm |
| 18:11 | Crear | Villager (Male) |
| 18:12 | Crear | Villager (Male) |
| 18:19 | Construir | Farm |
| 18:20 | Construir | Farm |
| 18:21 | Construir | Farm |
| 18:36 | Construir | Farm |
| 18:40 | Crear | Villager (Male) |
| 18:43 | Crear | Villager (Male) |
| 19:06 | Construir | Barracks |
| 19:10 | Crear | Villager (Male) |
| 19:12 | Crear | Villager (Male) |
| 19:42 | Construir | Farm |
| 19:43 | Construir | Farm |
| 19:45 | Construir | Farm |
| 19:47 | Crear | Villager (Male) |
| 19:48 | Crear | Villager (Male) |
| 19:49 | Crear | Villager (Male) |
| 19:57 | Construir | Farm |
| 20:00 | Construir | Farm |
| 20:09 | Construir | Farm |
| 20:20 | Investigar | Heavy Plow |
| 20:23 | Crear | Villager (Male) |
| 20:29 | Construir | Farm |
| 20:33 | Crear | Villager (Male) |
| 20:35 | Crear | Villager (Male) |
| 20:45 | Crear | Villager (Male) |
| 21:00 | Crear | Villager (Male) |
| 21:01 | Crear | Villager (Male) |
| 21:25 | Construir | Town Center |
| 21:39 | Construir | Castle |
| 21:44 | Investigar | Wheelbarrow |
| 21:48 | Crear | Villager (Male) |
| 21:49 | Crear | Villager (Male) |
| 21:49 | Crear | Villager (Male) |
| 21:57 | Construir | Lumber Camp |
| 22:04 | Construir | House |
| 22:04 | Construir | House |
| 22:12 | Investigar | Gold Mining |
| 22:14 | Crear | Villager (Male) |
| 22:28 | Investigar | Gambesons |
| 22:29 | Investigar | Arson |
| 22:43 | Crear | Villager (Male) |
| 22:44 | Crear | Villager (Male) |
| 22:44 | Crear | Villager (Male) |
| 22:44 | Crear | Villager (Male) |
| 22:55 | Construir | Farm |
| 22:57 | Construir | Farm |
| 22:59 | Crear | Villager (Male) |
| 23:02 | Crear | Villager (Male) |
| 23:08 | Construir | Farm |
| 23:10 | Construir | Farm |
| 23:11 | Construir | Farm |
| 23:12 | Construir | Farm |
| 23:20 | Crear | Villager (Male) |
| 23:20 | Crear | Villager (Male) |
| 23:28 | Construir | Farm |
| 23:32 | Construir | Farm |
| 23:33 | Construir | Farm |
| 23:33 | Construir | Farm |
| 23:35 | Crear | Villager (Male) |
| 23:36 | Crear | Villager (Male) |
| 23:36 | Crear | Villager (Male) |
| 23:51 | Crear | Villager (Male) |
| 23:53 | Crear | Villager (Male) |
| 23:56 | Crear | Villager (Male) |
| 24:07 | Crear | Villager (Male) |
| 24:17 | Construir | Barracks |
| 24:31 | Construir | Siege Workshop |
| 24:38 | Crear | Villager (Male) |
| 24:40 | Crear | Villager (Male) |
| 24:41 | Crear | Villager (Male) |
Cronología de la partida
| 9:26 | WIZ · age_up feudal |
| 9:35 | The Stray King · first_building Barracks |
| 9:55 | C00PAL00P · age_up feudal |
| 10:22 | WIZ · first_market_sell 100 stone |
| 10:26 | The Stray King · age_up feudal |
| 10:38 | The Stray King · first_building Stable |
| 10:48 | AirMo 1688 · age_up feudal |
| 10:58 | BR · age_up feudal |
| 11:03 | legend · age_up feudal |
| 11:22 | stim1798 · age_up feudal |
| 11:24 | Kenchito · age_up feudal |
| 11:54 | legend · first_market_sell 100 stone |
| 13:04 | WIZ · age_up castle |
| 13:09 | WIZ · first_building Siege Workshop |
| 13:39 | stim1798 · first_building Barracks |
| 14:07 | AirMo 1688 · age_up castle |
| 14:08 | WIZ · first_market_buy 100 wood |
| 14:33 | Kenchito · age_up castle |
| 14:35 | legend · age_up castle |
| 14:35 | BR · age_up castle |
| 14:36 | Kenchito · first_building Monastery |
| 14:52 | stim1798 · first_building Archery Range |
| 15:03 | legend · first_building Monastery |
| 15:26 | stim1798 · wall_segment Stone Wall x7 |
| 15:27 | stim1798 · wall_segment Stone Wall x1 |
| 15:34 | C00PAL00P · age_up castle |
| 15:36 | stim1798 · wall_segment Stone Wall x8 |
| 15:45 | stim1798 · age_up castle |
| 15:55 | stim1798 · first_building Siege Workshop |
| 16:06 | BR · first_market_buy 100 food |
| 16:12 | C00PAL00P · first_market_buy 100 wood |
| 16:23 | AirMo 1688 · first_building Monastery |
| 16:26 | Kenchito · first_market_sell 100 food |
| 16:27 | AirMo 1688 · first_market_buy 100 food |
| 16:41 | stim1798 · first_market_buy 100 stone |
| 16:50 | stim1798 · first_building Castle |
| 17:30 | stim1798 · first_market_sell 100 food |
| 18:38 | stim1798 · wall_segment Stone Wall x10 |
| 19:06 | C00PAL00P · first_building Barracks |
| 19:27 | Kenchito · first_market_buy 100 stone |
| 19:40 | The Stray King · first_market_sell 500 wood |
| 19:43 | The Stray King · first_market_buy 100 food |
| 19:47 | legend · first_building Siege Workshop |
| 21:39 | C00PAL00P · first_building Castle |
| 22:08 | legend · wall_segment Stone Wall x1 |
| 22:28 | The Stray King · age_up castle |
| 22:32 | Kenchito · first_building Stable |
| 22:35 | legend · wall_segment Stone Wall x1 |
| 24:31 | C00PAL00P · first_building Siege Workshop |
| 24:31 | AirMo 1688 · first_market_sell 100 wood |
| 24:35 | legend · first_building Castle |
| 24:41 | BR · first_building Castle |
| 24:45 | AirMo 1688 · first_building Barracks |
| 24:51 | stim1798 · wall_segment Stone Wall x4 |
| 24:59 | stim1798 · wall_segment Stone Wall x4 |
| 25:16 | AirMo 1688 · first_building Stable |
| 25:58 | legend · resign |
| 26:27 | BR · first_building Barracks |
| 27:10 | stim1798 · wall_segment Stone Wall x1 |
| 27:11 | stim1798 · wall_segment Stone Wall x1 |
| 27:13 | BR · first_building Archery Range |
| 27:23 | AirMo 1688 · age_up imperial |
| 27:24 | C00PAL00P · first_market_sell 100 wood |
| 27:55 | WIZ · first_building Monastery |
| 28:07 | Kenchito · first_building Castle |
| 28:34 | Kenchito · age_up imperial |
| 28:37 | AirMo 1688 · first_building Castle |
| 29:41 | BR · age_up imperial |
| 29:48 | The Stray King · first_building Monastery |
| 30:56 | C00PAL00P · age_up imperial |
| 31:04 | WIZ · first_building Barracks |
| 31:51 | WIZ · age_up imperial |
| 32:26 | AirMo 1688 · tribute_sent a jugador 1 |
| 32:26 | AirMo 1688 · tribute_sent a jugador 2 |
| 32:26 | AirMo 1688 · tribute_sent a jugador 4 |
| 32:26 | AirMo 1688 · tribute_sent a jugador 5 |
| 32:26 | AirMo 1688 · tribute_sent a jugador 6 |
| 32:26 | AirMo 1688 · tribute_sent a jugador 7 |
| 32:26 | AirMo 1688 · tribute_sent a jugador 8 |
| 33:53 | The Stray King · age_up imperial |
| 34:36 | The Stray King · wall_segment Stone Wall x1 |
| 34:45 | The Stray King · wall_segment Stone Wall x1 |
| 36:37 | AirMo 1688 · tribute_sent a jugador 1 |
| 36:37 | AirMo 1688 · tribute_sent a jugador 2 |
| 36:37 | AirMo 1688 · tribute_sent a jugador 4 |
| 36:37 | AirMo 1688 · tribute_sent a jugador 5 |
| 36:37 | AirMo 1688 · tribute_sent a jugador 6 |
| 36:37 | AirMo 1688 · tribute_sent a jugador 7 |
| 36:37 | AirMo 1688 · tribute_sent a jugador 8 |
| 37:00 | Kenchito · first_building Siege Workshop |
| 37:21 | The Stray King · wall_segment Stone Wall x1 |
| 37:31 | AirMo 1688 · first_building Siege Workshop |
| 38:36 | The Stray King · first_building Castle |
| 40:42 | stim1798 · wall_segment Stone Wall x3 |
| 40:50 | stim1798 · wall_segment Stone Wall x1 |
| 41:13 | stim1798 · wall_segment Stone Wall x3 |
| 41:24 | stim1798 · wall_segment Stone Wall x1 |
| 41:28 | stim1798 · wall_segment Stone Wall x1 |
| 42:26 | Kenchito · first_building Barracks |
| 42:28 | BR · tribute_sent a jugador 1 |
| 42:28 | BR · tribute_sent a jugador 2 |
| 42:28 | BR · tribute_sent a jugador 3 |
| 42:28 | BR · tribute_sent a jugador 4 |
| 42:28 | BR · tribute_sent a jugador 5 |
| 42:28 | BR · tribute_sent a jugador 6 |
| 42:28 | BR · tribute_sent a jugador 8 |
| 42:52 | BR · first_building Siege Workshop |
| 42:58 | stim1798 · wall_segment Stone Wall x3 |
| 43:04 | The Stray King · tribute_sent a jugador 1 |
| 43:04 | The Stray King · tribute_sent a jugador 3 |
| 43:04 | The Stray King · tribute_sent a jugador 4 |
| 43:04 | The Stray King · tribute_sent a jugador 5 |
| 43:04 | The Stray King · tribute_sent a jugador 6 |
| 43:04 | The Stray King · tribute_sent a jugador 7 |
| 43:04 | The Stray King · tribute_sent a jugador 8 |
| 43:06 | stim1798 · wall_segment Stone Wall x5 |
| 44:03 | BR · first_market_sell 500 food |
| 45:43 | Kenchito · first_building Archery Range |
| 47:13 | WIZ · wall_segment Stone Wall x4 |
| 47:35 | C00PAL00P · wall_segment Stone Wall x11 |
| 47:41 | WIZ · wall_segment Stone Wall x1 |
| 47:44 | WIZ · wall_segment Stone Wall x1 |
| 47:54 | AirMo 1688 · tribute_sent a jugador 1 |
| 47:54 | AirMo 1688 · tribute_sent a jugador 2 |
| 47:54 | AirMo 1688 · tribute_sent a jugador 4 |
| 47:54 | AirMo 1688 · tribute_sent a jugador 5 |
| 47:54 | AirMo 1688 · tribute_sent a jugador 6 |
| 47:54 | AirMo 1688 · tribute_sent a jugador 7 |
| 47:54 | AirMo 1688 · tribute_sent a jugador 8 |
| 50:14 | BR · tribute_sent a jugador 1 |
| 50:14 | BR · tribute_sent a jugador 2 |
| 50:14 | BR · tribute_sent a jugador 3 |
| 50:14 | BR · tribute_sent a jugador 4 |
| 50:14 | BR · tribute_sent a jugador 5 |
| 50:14 | BR · tribute_sent a jugador 6 |
| 50:14 | BR · tribute_sent a jugador 8 |
| 50:57 | BR · tribute_sent a jugador 1 |
| 50:57 | BR · tribute_sent a jugador 2 |
| 50:57 | BR · tribute_sent a jugador 3 |
| 50:57 | BR · tribute_sent a jugador 4 |
| 50:57 | BR · tribute_sent a jugador 5 |
| 50:57 | BR · tribute_sent a jugador 6 |
| 50:57 | BR · tribute_sent a jugador 8 |
| 52:19 | BR · tribute_sent a jugador 1 |
| 52:19 | BR · tribute_sent a jugador 2 |
| 52:19 | BR · tribute_sent a jugador 3 |
| 52:19 | BR · tribute_sent a jugador 4 |
| 52:19 | BR · tribute_sent a jugador 5 |
| 52:19 | BR · tribute_sent a jugador 6 |
| 52:19 | BR · tribute_sent a jugador 8 |
| 54:30 | C00PAL00P · first_building Archery Range |
| 54:42 | AirMo 1688 · tribute_sent a jugador 1 |
| 54:42 | AirMo 1688 · tribute_sent a jugador 2 |
| 54:42 | AirMo 1688 · tribute_sent a jugador 4 |
| 54:42 | AirMo 1688 · tribute_sent a jugador 5 |
| 54:42 | AirMo 1688 · tribute_sent a jugador 6 |
| 54:42 | AirMo 1688 · tribute_sent a jugador 7 |
| 54:42 | AirMo 1688 · tribute_sent a jugador 8 |
| 55:16 | AirMo 1688 · first_building Archery Range |
| 56:17 | BR · tribute_sent a jugador 1 |
| 56:17 | BR · tribute_sent a jugador 2 |
| 56:17 | BR · tribute_sent a jugador 3 |
| 56:17 | BR · tribute_sent a jugador 4 |
| 56:17 | BR · tribute_sent a jugador 5 |
| 56:17 | BR · tribute_sent a jugador 6 |
| 56:17 | BR · tribute_sent a jugador 8 |
| 57:49 | BR · tribute_sent a jugador 1 |
| 57:49 | BR · tribute_sent a jugador 2 |
| 57:49 | BR · tribute_sent a jugador 3 |
| 57:49 | BR · tribute_sent a jugador 4 |
| 57:49 | BR · tribute_sent a jugador 5 |
| 57:49 | BR · tribute_sent a jugador 6 |
| 57:49 | BR · tribute_sent a jugador 8 |
| 60:13 | stim1798 · age_up imperial |
| 60:30 | WIZ · first_building Castle |
| 64:10 | BR · tribute_sent a jugador 1 |
| 64:10 | BR · tribute_sent a jugador 2 |
| 64:10 | BR · tribute_sent a jugador 3 |
| 64:10 | BR · tribute_sent a jugador 4 |
| 64:10 | BR · tribute_sent a jugador 5 |
| 64:10 | BR · tribute_sent a jugador 6 |
| 64:10 | BR · tribute_sent a jugador 8 |
| 64:20 | AirMo 1688 · tribute_sent a jugador 1 |
| 64:20 | AirMo 1688 · tribute_sent a jugador 2 |
| 64:20 | AirMo 1688 · tribute_sent a jugador 4 |
| 64:20 | AirMo 1688 · tribute_sent a jugador 5 |
| 64:20 | AirMo 1688 · tribute_sent a jugador 6 |
| 64:20 | AirMo 1688 · tribute_sent a jugador 7 |
| 64:20 | AirMo 1688 · tribute_sent a jugador 8 |
| 65:23 | C00PAL00P · wall_segment Stone Wall x8 |
| 65:29 | WIZ · tribute_sent a jugador 1 |
| 65:29 | WIZ · tribute_sent a jugador 2 |
| 65:29 | WIZ · tribute_sent a jugador 3 |
| 65:29 | WIZ · tribute_sent a jugador 4 |
| 65:29 | WIZ · tribute_sent a jugador 5 |
| 65:29 | WIZ · tribute_sent a jugador 7 |
| 65:29 | WIZ · tribute_sent a jugador 8 |
| 66:37 | AirMo 1688 · tribute_sent a jugador 1 |
| 66:37 | AirMo 1688 · tribute_sent a jugador 2 |
| 66:37 | AirMo 1688 · tribute_sent a jugador 4 |
| 66:37 | AirMo 1688 · tribute_sent a jugador 5 |
| 66:37 | AirMo 1688 · tribute_sent a jugador 6 |
| 66:37 | AirMo 1688 · tribute_sent a jugador 7 |
| 66:37 | AirMo 1688 · tribute_sent a jugador 8 |
| 67:40 | C00PAL00P · wall_segment Stone Wall x1 |
| 68:32 | C00PAL00P · wall_segment Stone Wall x1 |
| 68:51 | BR · tribute_sent a jugador 1 |
| 68:51 | BR · tribute_sent a jugador 2 |
| 68:51 | BR · tribute_sent a jugador 3 |
| 68:51 | BR · tribute_sent a jugador 4 |
| 68:51 | BR · tribute_sent a jugador 5 |
| 68:51 | BR · tribute_sent a jugador 6 |
| 68:51 | BR · tribute_sent a jugador 8 |
| 69:21 | C00PAL00P · wall_segment Stone Wall x7 |
| 69:46 | The Stray King · tribute_sent a jugador 1 |
| 69:46 | The Stray King · tribute_sent a jugador 3 |
| 69:46 | The Stray King · tribute_sent a jugador 4 |
| 69:46 | The Stray King · tribute_sent a jugador 5 |
| 69:46 | The Stray King · tribute_sent a jugador 6 |
| 69:46 | The Stray King · tribute_sent a jugador 7 |
| 69:46 | The Stray King · tribute_sent a jugador 8 |
| 69:49 | stim1798 · wall_segment Stone Wall x9 |
| 69:54 | The Stray King · tribute_sent a jugador 1 |
| 69:54 | The Stray King · tribute_sent a jugador 3 |
| 69:54 | The Stray King · tribute_sent a jugador 4 |
| 69:54 | The Stray King · tribute_sent a jugador 5 |
| 69:54 | The Stray King · tribute_sent a jugador 6 |
| 69:54 | The Stray King · tribute_sent a jugador 7 |
| 69:54 | The Stray King · tribute_sent a jugador 8 |
| 70:40 | WIZ · first_building Stable |
| 71:34 | The Stray King · tribute_sent a jugador 1 |
| 71:34 | The Stray King · tribute_sent a jugador 3 |
| 71:34 | The Stray King · tribute_sent a jugador 4 |
| 71:34 | The Stray King · tribute_sent a jugador 5 |
| 71:34 | The Stray King · tribute_sent a jugador 6 |
| 71:34 | The Stray King · tribute_sent a jugador 7 |
| 71:34 | The Stray King · tribute_sent a jugador 8 |
| 71:41 | Kenchito · tribute_sent a jugador 1 |
| 71:41 | Kenchito · tribute_sent a jugador 2 |
| 71:41 | Kenchito · tribute_sent a jugador 3 |
| 71:41 | Kenchito · tribute_sent a jugador 5 |
| 71:41 | Kenchito · tribute_sent a jugador 6 |
| 71:41 | Kenchito · tribute_sent a jugador 7 |
| 71:41 | Kenchito · tribute_sent a jugador 8 |
| 74:06 | stim1798 · wall_segment Stone Wall x17 |
| 74:13 | stim1798 · wall_segment Stone Wall x8 |
| 74:16 | BR · tribute_sent a jugador 1 |
| 74:16 | BR · tribute_sent a jugador 2 |
| 74:16 | BR · tribute_sent a jugador 3 |
| 74:16 | BR · tribute_sent a jugador 4 |
| 74:16 | BR · tribute_sent a jugador 5 |
| 74:16 | BR · tribute_sent a jugador 6 |
| 74:16 | BR · tribute_sent a jugador 8 |
| 75:44 | C00PAL00P · wall_segment Stone Wall x10 |
| 77:19 | BR · tribute_sent a jugador 1 |
| 77:19 | BR · tribute_sent a jugador 2 |
| 77:19 | BR · tribute_sent a jugador 3 |
| 77:19 | BR · tribute_sent a jugador 4 |
| 77:19 | BR · tribute_sent a jugador 5 |
| 77:19 | BR · tribute_sent a jugador 6 |
| 77:19 | BR · tribute_sent a jugador 8 |
| 80:10 | The Stray King · tribute_sent a jugador 1 |
| 80:10 | The Stray King · tribute_sent a jugador 3 |
| 80:10 | The Stray King · tribute_sent a jugador 4 |
| 80:10 | The Stray King · tribute_sent a jugador 5 |
| 80:10 | The Stray King · tribute_sent a jugador 6 |
| 80:10 | The Stray King · tribute_sent a jugador 7 |
| 80:10 | The Stray King · tribute_sent a jugador 8 |
| 80:19 | WIZ · tribute_sent a jugador 1 |
| 80:19 | WIZ · tribute_sent a jugador 2 |
| 80:19 | WIZ · tribute_sent a jugador 3 |
| 80:19 | WIZ · tribute_sent a jugador 4 |
| 80:19 | WIZ · tribute_sent a jugador 5 |
| 80:19 | WIZ · tribute_sent a jugador 7 |
| 80:19 | WIZ · tribute_sent a jugador 8 |
| 84:28 | The Stray King · tribute_sent a jugador 1 |
| 84:28 | The Stray King · tribute_sent a jugador 3 |
| 84:28 | The Stray King · tribute_sent a jugador 4 |
| 84:28 | The Stray King · tribute_sent a jugador 5 |
| 84:28 | The Stray King · tribute_sent a jugador 6 |
| 84:28 | The Stray King · tribute_sent a jugador 7 |
| 84:28 | The Stray King · tribute_sent a jugador 8 |
| 88:16 | Kenchito · wall_segment Stone Wall x8 |
| 88:55 | The Stray King · tribute_sent a jugador 1 |
| 88:55 | The Stray King · tribute_sent a jugador 3 |
| 88:55 | The Stray King · tribute_sent a jugador 4 |
| 88:55 | The Stray King · tribute_sent a jugador 5 |
| 88:55 | The Stray King · tribute_sent a jugador 6 |
| 88:55 | The Stray King · tribute_sent a jugador 7 |
| 88:55 | The Stray King · tribute_sent a jugador 8 |
| 94:06 | Kenchito · tribute_sent a jugador 1 |
| 94:06 | Kenchito · tribute_sent a jugador 2 |
| 94:06 | Kenchito · tribute_sent a jugador 3 |
| 94:06 | Kenchito · tribute_sent a jugador 5 |
| 94:06 | Kenchito · tribute_sent a jugador 6 |
| 94:06 | Kenchito · tribute_sent a jugador 7 |
| 94:06 | Kenchito · tribute_sent a jugador 8 |
| 94:06 | The Stray King · tribute_sent a jugador 1 |
| 94:06 | The Stray King · tribute_sent a jugador 3 |
| 94:06 | The Stray King · tribute_sent a jugador 4 |
| 94:06 | The Stray King · tribute_sent a jugador 5 |
| 94:06 | The Stray King · tribute_sent a jugador 6 |
| 94:06 | The Stray King · tribute_sent a jugador 7 |
| 94:06 | The Stray King · tribute_sent a jugador 8 |
[ ANÁLISIS IA · 1 CRÉDITO ]
¿Qué pasó realmente en esta partida?
Wolo.gg analiza cada decisión: build order, eco, micro, errores típicos por bracket. Análisis personalizado por WhatsApp o Discord en 30 segundos.
Guía civ
Jemeres
Guía mapa
Arena
Perfil
Kenchito